 Dungeon Crawl Stone Soup version 0.21.0 (webtiles) character file.

1487 deepelfberseker the Skirmisher (level 8, -1/64 HPs)
             Began as a Demonspawn Fighter on Jan 6, 2018.
             Was a Follower of Makhleb.
             Slain by a two-headed ogre
             ... wielding a +0 giant club
              (18 damage)
             ... on level 6 of the Dungeon.
             The game lasted 00:11:46 (6323 turns).

deepelfberseker the Skirmisher (Demonspawn Fighter) Turns: 6323, Time: 00:11:47

Health: -1/64      AC: 11    Str: 18    XL:     8   Next: 50%
Magic:  10/10      EV:  9    Int: 13    God:    Makhleb [*.....]
Gold:   251        SH:  0    Dex: 14    Spells: 7/7 levels left

rFire    + . .     SeeInvis .   K - +10 dire flail of Topruq {vamp, Int+4}
rCold    . . .     Gourm    .   (shield currently unavailable)
rNeg     . . .     Faith    .   b - +0 scale mail
rPois    .         Spirit   .   (no helmet)
rElec    .         Reflect  .   (no cloak)
rCorr    .         Harm     .   (no gloves)
MR       +....                  B - +0 pair of boots
Stlth    ++++......             (no amulet)
HPRegen  0.20/turn              v - +3 ring of protection
MPRegen  0.12/turn              D - ring of protection from magic

@: no status effects
A: hooves 1, fire resistance 1, nightstalker 3, flame cloud immunity
a: Renounce Religion


You were on level 6 of the Dungeon.
You worshipped Makhleb.
Makhleb was aware of your devotion.
You were not hungry.

You visited 2 branches of the dungeon, and saw 7 of its levels.
You also visited: Ossuary.

You collected 251 gold pieces.

Inventory:

Hand Weapons
 a - a +0 war axe
 e - a +3 hunting sling
 m - a +0 vampiric spear
 K - the +10 dire flail of Topruq (weapon) {vamp, Int+4}
   (You found it in an ossuary)

   It inflicts no extra harm, but heals its wielder when it wounds a living foe.
   It affects your intelligence (+4).
Missiles
 l - 87 stones (quivered)
Armour
 b - a +0 scale mail (worn)
 c - a +0 shield
 B - a +0 pair of boots (worn)
Jewellery
 r - an uncursed ring of fire
 v - a +3 ring of protection (left hand)
 x - a +3 ring of dexterity
 y - an uncursed ring of positive energy
 D - a ring of protection from magic (right hand)
 E - an uncursed ring of positive energy
Wands
 L - a wand of random effects (20)
 N - a wand of disintegration (11)
Scrolls
 j - 4 scrolls of remove curse {unknown}
 o - 2 scrolls of enchant weapon {unknown}
 q - a scroll of enchant armour {unknown}
 s - a scroll of fog {unknown}
 t - 2 scrolls of blinking {unknown}
 u - 2 scrolls of teleportation {unknown}
 z - a scroll of magic mapping {unknown}
 C - a scroll of amnesia {unknown}
 F - a scroll of immolation {unknown}
 G - 2 scrolls of identify {unknown}
 I - 2 scrolls of fear {unknown}
Potions
 d - a potion of might
 f - 2 potions of curing
 h - a potion of brilliance {unknown}
 i - 2 potions of berserk rage {unknown}
 k - 2 potions of cancellation {unknown}
 n - 2 potions of agility {unknown}
 p - 4 potions of mutation {unknown}
 w - a potion of flight {unknown}
 H - 2 potions of magic {unknown}
 J - 3 potions of degeneration {unknown}
 M - 2 potions of haste {unknown}
Comestibles
 g - 8 rations


   Skills:
 + Level 5.6 Fighting
 - Level 2.1(3.7) Axes
 * Level 3.1(3.4) Maces & Flails
 - Level 3.2(3.6) Polearms
 - Level 0.5 Slings
 + Level 5.1 Armour
 - Level 3.0 Stealth
 - Level 4.5 Shields
 + Level 2.8 Invocations


You had 7 spell levels left.
You didn't know any spells.

Dungeon Overview and Level Annotations

Branches:
Dungeon (6/15)             Temple (1/1) D:5

Altars:
Ashenzari
Cheibriados
Dithmenos
Elyvilon
Fedhas
Gozag
Kikubaaqudgha
Makhleb
Nemelex Xobeh
Okawaru
Qazlal
Sif Muna
Uskayaw
Xom
Yredelemnul
Zin
The Shining One

Shops:
D:4 %


Innate Abilities, Weirdness & Mutations

You have large cloven feet.
Your flesh is heat resistant. (rF+)
You are completely attuned to the shadows.
You are immune to clouds of flame.


Message History

You hit the two-headed ogre.
You feel better.
The two-headed ogre is moderately wounded.
The two-headed ogre hits you with a giant club.
The two-headed ogre closely misses you.
You hit the two-headed ogre.
You feel better.
The two-headed ogre is moderately wounded.
The two-headed ogre hits you with a giant club!!
* * * LOW HITPOINT WARNING * * *
The two-headed ogre completely misses you.
There is a stone staircase leading up here.
You feel much better.
The two-headed ogre hits you with a giant club.
The two-headed ogre hits you with a giant club!
You barely miss the two-headed ogre.
The two-headed ogre is moderately wounded.
The two-headed ogre hits you with a giant club!
The two-headed ogre hits you with a giant club.
* * * LOW HITPOINT WARNING * * *
The two-headed ogre hits you with a giant club!!
You die...

........## #.#
.........### #.#
...........## #.#
.#...##.....###
####.#
#######......##
#....#
###.....###
#....#
##......###
###..#
##.......###
#...#
##.@O.....###...#
##.............#
##............#
###........###
##......##
#......##
.....[.# ##.....
##...#


You could see a two-headed ogre.

Vanquished Creatures
  Sigmund (D:3)
  2 ice beasts (D:5)
  2 ogres
  A bullfrog (D:6)
  5 water moccasin zombies (Ossuary)
  A howler monkey (D:5)
  2 crimson imps (D:5)
  A jelly (D:2)
  2 orc priests (D:5)
  3 orc wizards (D:5)
  A centaur skeleton (D:4)
  Jessica (D:4)
  A worker ant (D:5)
  A big kobold zombie (Ossuary)
  2 mummies (Ossuary)
  3 gnolls (D:4)
  9 adders
  A shadow imp (D:5)
  2 oozes
  4 adder zombies (Ossuary)
  A worm zombie (D:5)
  3 worms
  2 dart slugs
  3 leopard geckos
  11 orcs
  A ball python (D:1)
  5 giant cockroaches
  5 gnoll zombies (Ossuary)
  5 goblins
  5 hobgoblins
  An iguana (D:2)
  4 jackals
  A quokka (D:5)
  2 bats (D:1)
  5 frilled lizards
  A goblin zombie (D:5)
  8 hobgoblin zombies (Ossuary)
  5 kobolds
  2 kobold zombies (Ossuary)
  A leopard gecko skeleton (D:5)
  5 orc zombies (Ossuary)
  6 rats
127 creatures vanquished.

Notes
Turn   | Place    | Note
-------+----------+-------------------------------------------
     0 | D:1      | deepelfberseker the Demonspawn Fighter began the quest for the Orb.
     0 | D:1      | Reached XP level 1. HP: 18/18 MP: 1/1
   116 | D:1      | Gained mutation: You are slightly more attuned to the shadows. [demonic ancestry]
   116 | D:1      | Reached XP level 2. HP: 24/24 MP: 2/2
   625 | D:1      | Reached XP level 3. HP: 29/29 MP: 3/3
   890 | D:2      | HP: 1/29 [adder (3)]
   894 | D:2      | Reached skill level 1 in Polearms
   894 | D:2      | Gained mutation: Your flesh is heat resistant. (rF+) [demonic ancestry]
   894 | D:2      | Reached XP level 4. HP: 8/35 MP: 4/4
  1582 | D:2      | Found a shimmering altar of Xom.
  2000 | D:3      | Found a shimmering altar of Xom.
  2169 | D:3      | Gained mutation: You are significantly more attuned to the shadows. [demonic ancestry]
  2169 | D:3      | Reached XP level 5. HP: 38/42 MP: 5/5
  2297 | D:3      | Noticed Sigmund
  2330 | D:3      | Killed Sigmund
  2330 | D:3      | Reached skill level 1 in Stealth
  2330 | D:3      | Gained mutation: You are completely attuned to the shadows. [demonic ancestry]
  2330 | D:3      | Reached XP level 6. HP: 26/48 MP: 6/6
  3109 | D:4      | Found Ostruoch's Food Shop.
  3237 | D:4      | Found an opulent altar of Gozag.
  3330 | D:4      | Found a sparkling altar of Nemelex Xobeh.
  3330 | D:4      | Noticed Jessica
  3339 | D:4      | Killed Jessica
  3434 | D:4      | Found a basalt altar of Yredelemnul.
  3678 | D:4      | Found a blossoming altar of Fedhas.
  4172 | D:5      | Entered Level 5 of the Dungeon
  4231 | D:5      | Gained mutation: You have large cloven feet. [demonic ancestry]
  4231 | D:5      | Reached XP level 7. HP: 45/55 MP: 7/7
  4290 | D:5      | Found a sand-covered staircase.
  4374 | Ossuary  | Entered an ossuary
  4872 | Ossuary  | Reached skill level 5 in Fighting
  5171 | Ossuary  | Got a jewelled dire flail
  5178 | Ossuary  | Identified the +10 dire flail of Topruq {vamp, Int+4} (You found it in an ossuary)
  5219 | D:5      | Found a staircase to the Ecumenical Temple.
  5228 | D:5      | Reached skill level 1 in Maces & Flails
  5241 | Temple   | Entered the Ecumenical Temple
  5354 | Temple   | Became a worshipper of Makhleb the Destroyer
  5397 | D:5      | Gained mutation: You are immune to clouds of flame. [demonic ancestry]
  5397 | D:5      | Reached XP level 8. HP: 62/62 MP: 8/8
  5426 | D:5      | Found a shattered altar of Ashenzari.
  5436 | D:5      | Reached skill level 1 in Invocations
  5711 | D:5      | Reached skill level 5 in Armour
  5721 | D:5      | Reached * piety under Makhleb
  6307 | D:6      | Noticed a two-headed ogre
  6323 | D:6      | Slain by a two-headed ogre

Skill      XL: |  1  2  3  4  5  6  7  8 |
---------------+-------------------------+-----
Axes           | 2 |  2.1
Armour         | 3 4 5 |  5.1
Shields        | 3 4 |  4.5
Polearms       | 1 2 3 |  3.2
Fighting       | 4 5 |  5.6
Stealth        | 1 2 3 |  3.0
Maces & Flails | 1 3 |  3.1
Invocations    | 2 |  2.8
Slings         | |  0.5

Action                   |  1- 3 |  4- 6 |  7- 9 || total
-------------------------+-------+-------+-------++-------
Melee: War axe           |    15 |       |       ||    15
       Spear             |   120 |   237 |   308 ||   665
       Dire flail        |       |       |    76 ||    76
 Fire: Hunting sling     |    26 |       |       ||    26
Throw: Stone             |     3 |       |       ||     3
  Use: Potion            |     1 |       |     3 ||     4
 Stab: Sleeping          |       |     9 |    11 ||    20
       Distracted        |       |     1 |     2 ||     3
  Eat: Ration            |     1 |       |     2 ||     3
       Chunk             |     1 |    10 |     6 ||    17
Armor: Scale mail        |    62 |    45 |   143 ||   250
Dodge: Dodged            |    42 |    42 |    83 ||   167
Block: Shield            |    57 |    91 |   123 ||   271
